[Event "Titled Tuesday Blitz November 07 Early 2023"]
[White "Materia, Marco"]
[Black "Borgaonkar Akshay"]
[WhiteFideId "45150451"]
[BlackFideId "25639110"]
[WhiteElo "2817"]
[BlackElo "2663"]
[Result "0-1"]
[Round "5"]
[TimeControl "180+1"]
[Date "2023.11.07"]
[WhiteClock "0:00:17"]
[BlackClock "0:00:03"]
[Board "44"]

1. Nf3 d5 2. c4 d4 3. g3 c5 4. Bg2 Nc6 5. O-O Nf6 6. d3 e5 7. e3 dxe3 8. Bxe3 Bd6 9. Nc3 O-O 10. Nd2 Nd4 11. Nde4 Nxe4 12. dxe4 Be6 13. Nd5 Bxd5 14. exd5 Qb6 15. Qd2 f5 16. Rfd1 Rae8 17. b4 cxb4 18. f4 Bc5 19. Kh1 exf4 20. Bxf4 Re2 21. Qd3 Rfe8 22. d6 Rxg2 23. Kxg2 Qc6+ 24. Kh3 Re2 25. Rg1 Qe8 26. g4 fxg4+ 27. Rxg4 h5 28. Rg5 Qe6+ 29. Kg3 h4+ 30. Kxh4 Qh6+ 31. Kg4 Rg2+ 32. Bg3 Qe6+ 33. Kh5 Qh3+ 34. Bh4 Qxd3 35. Rxg2 Qf3+ 36. Rg4 g6+ 37. Kg5 Qf5+ 38. Kh6 Qh5# 0-1


[Site "https://www.chess.com"]

[Event "Titled Tuesday Blitz November 07 Early 2023"]
[White "Skvortsov, Andrei"]
[Black "BardArtem"]
[WhiteFideId "24108600"]
[WhiteElo "2662"]
[BlackElo "2814"]
[Result "1-0"]
[Round "5"]
[TimeControl "180+1"]
[Date "2023.11.07"]
[WhiteClock "0:00:35"]
[BlackClock "0:00:00"]
[Board "45"]

1. e4 e5 2. Nf3 Nc6 3. Nc3 Nf6 4. h3 Bb4 5. a3 Bxc3 6. dxc3 Nxe4 7. Nxe5 Nxe5 8. Qd4 O-O 9. Qxe4 d5 10. Qd4 Re8 11. Be3 Nc6 12. Qf4 Re4 13. Qg3 Bf5 14. Bd3 Re5 15. f4 Re4 16. Bxe4 Bxe4 17. O-O Ne7 18. Qf2 Nf5 19. Rad1 Nh4 20. Rd4 Bxg2 21. Rfd1 Qf6 22. f5 Be4 23. Kf1 Nf3 24. Rxd5 Qa6+ 25. Qe2 Qg6 26. Rd8+ 1-0


[Site "https://www.chess.com"]

[Event "Titled Tuesday Blitz November 07 Early 2023"]
[White "Suyarov, Mukhammadzokhid"]
[Black "Kleiman, Jake"]
[WhiteFideId "14210495"]
[BlackFideId "2020041"]
[WhiteElo "2810"]
[BlackElo "2662"]
[Result "1-0"]
[Round "5"]
[TimeControl "180+1"]
[Date "2023.11.07"]
[WhiteClock "0:01:24"]
[BlackClock "0:00:19"]
[Board "46"]

1. d4 Nf6 2. Nc3 e6 3. e4 d5 4. e5 Nfd7 5. Nce2 c5 6. c3 Nc6 7. Nf3 Be7 8. Nf4 a5 9. h4 b6 10. Bb5 Qc7 11. Qe2 cxd4 12. cxd4 Nb4 13. O-O Ba6 14. Bxa6 Nxa6 15. Bd2 Qb7 16. Rac1 O-O 17. Qd3 Rfc8 18. Ng5 Nf8 19. Nh5 h6 20. Nh3 Bxh4 21. Qf3 Ng6 22. Qg4 Rxc1 23. Bxc1 Rc8 24. N3f4 Bg5 25. Nxg6 Rxc1 26. Rxc1 Bxc1 27. Ngf4 g5 28. Nf6+ Kf8 29. Nd3 Bd2 30. Qh5 Kg7 31. Ne8+ Kf8 32. Nd6 Qc6 33. Qxh6+ Ke7 34. Qf6+ Kd7 35. Qxf7+ Kd8 36. Qg8+ Kc7 37. Qc8# 1-0


[Site "https://www.chess.com"]

[Event "Titled Tuesday Blitz November 07 Early 2023"]
[White "Melian, Juan Sebastian"]
[Black "Szpar, Milosz"]
[WhiteFideId "3706575"]
[BlackFideId "1184989"]
[WhiteElo "2660"]
[BlackElo "2806"]
[Result "0-1"]
[Round "5"]
[TimeControl "180+1"]
[Date "2023.11.07"]
[WhiteClock "0:00:02"]
[BlackClock "0:00:36"]
[Board "47"]

1. d4 Nf6 2. Bg5 c5 3. d5 Ne4 4. Bc1 d6 5. f3 Nf6 6. Nc3 g6 7. e4 Bg7 8. Be3 a6 9. a4 e6 10. dxe6 Bxe6 11. Qd2 Nc6 12. Nge2 d5 13. exd5 Nxd5 14. Nxd5 Qxd5 15. Qxd5 Bxd5 16. O-O-O O-O-O 17. Nf4 Bd4 18. Bxd4 cxd4 19. Nxd5 Rxd5 20. Bc4 Rd7 21. Rhe1 Kc7 22. Re4 h5 23. h4 Rhd8 24. Rde1 Kb6 25. Rf4 Kc5 26. Bxf7 Rf8 27. Be8 Rxf4 28. Bxd7 Rxh4 29. Kd2 Rh2 30. Re2 Na5 31. Be6 Nc6 32. c3 dxc3+ 33. Kxc3 b5 34. axb5 axb5 35. Bf7 b4+ 36. Kd3 Kd6 37. Bxg6 Ne5+ 38. Ke3 Nxg6 39. Rd2+ Kc5 40. Kf2 Rh4 41. Kg3 Rd4 42. Rc2+ Rc4 43. Re2 b3 44. Re3 Kb4 45. f4 Nxf4 46. Re5 h4+ 47. Kh2 Nd3 48. Re8 Nxb2 49. Kh3 Na4 50. Rb8+ Ka3 51. Kh2 b2 52. g3 hxg3+ 53. Kg2 Rb4 54. Re8 b1=Q 55. Re3+ Rb3 56. Re2 Rb2 57. Rd2 Rxd2+ 58. Kh3 0-1


[Site "https://www.chess.com"]

[Event "Titled Tuesday Blitz November 07 Early 2023"]
[White "Sokolovsky, Yahli"]
[Black "Skliarov, Viktor"]
[WhiteFideId "2820242"]
[BlackFideId "14106736"]
[WhiteElo "2798"]
[BlackElo "2660"]
[Result "1-0"]
[Round "5"]
[TimeControl "180+1"]
[Date "2023.11.07"]
[WhiteClock "0:00:03"]
[BlackClock "0:00:02"]
[Board "48"]

1. b3 Nf6 2. Bb2 g6 3. c4 Bg7 4. g3 O-O 5. Bg2 d6 6. d4 a5 7. Nc3 Nc6 8. d5 Nb8 9. Nf3 e5 10. dxe6 fxe6 11. O-O Nc6 12. Nd4 Nxd4 13. Qxd4 Nd5 14. Qd2 Nxc3 15. Bxc3 Bxc3 16. Qxc3 Qf6 17. Qd2 Kg7 18. Rac1 Qe5 19. c5 d5 20. f4 Qf6 21. e4 c6 22. Bh3 Rf7 23. Rce1 a4 24. b4 Bd7 25. a3 Raf8 26. e5 Qd8 27. Qc2 Qa8 28. Bg4 Qa7 29. Rc1 b5 30. h4 h5 31. Be2 Qb8 32. Bd3 Kh6 33. Kh2 Rg7 34. Rf2 Qd8 35. Rg1 Qe7 36. Kh3 Be8 37. g4 hxg4+ 38. Rxg4 Rh8 39. Rfg2 Rhg8 40. Qf2 Bf7 41. Rg5 Be8 42. Qf3 Qf7 43. Qg4 Qf8 44. h5 Qf7 45. hxg6 Rxg6 46. Bxg6 Rxg6 47. Qh4+ Kg7 48. Rxg6+ 1-0


[Site "https://www.chess.com"]

[Event "Titled Tuesday Blitz November 07 Early 2023"]
[White "Klimkowski, Jan"]
[Black "Yelisieiev, Yevhenii"]
[WhiteFideId "21856222"]
[BlackFideId "14139642"]
[WhiteElo "2791"]
[BlackElo "2658"]
[Result "1-0"]
[Round "5"]
[TimeControl "180+1"]
[Date "2023.11.07"]
[WhiteClock "0:00:09"]
[BlackClock "0:00:02"]
[Board "49"]

1. d4 d6 2. e4 Nf6 3. Nc3 e5 4. Nf3 Nbd7 5. Bc4 Be7 6. O-O O-O 7. Re1 c6 8. a4 a5 9. h3 Nb6 10. Ba2 Nfd7 11. Be3 exd4 12. Nxd4 Nc5 13. Bb1 Re8 14. Nb3 Nc4 15. Bc1 Bf6 16. Qe2 Be6 17. Nxc5 dxc5 18. Ba2 Ne5 19. f4 Nd7 20. e5 Bh4 21. Rd1 Qc7 22. Be3 Bxa2 23. Rxa2 Rad8 24. Raa1 Be7 25. Ne4 f6 26. e6 Nf8 27. Qc4 b6 28. Nc3 f5 29. Rd7 Qc8 30. g4 Kh8 31. Rxd8 Qxd8 32. Rd1 Bd6 33. gxf5 Qe7 34. Ne4 Bc7 35. Qc3 Rd8 36. Rxd8 Qxd8 37. Kg2 Qd5 38. Qd3 Bd8 39. Qxd5 cxd5 40. Ng5 Kg8 41. Nf7 Bf6 42. b3 g6 43. Nd6 gxf5 44. Nc8 Nxe6 45. Nxb6 d4 46. Bd2 Kf7 47. Nc4 Bd8 48. Kf3 Bc7 49. Nxa5 Bxa5 50. Bxa5 Ke7 51. Bd2 Kd6 52. Ke2 Kd5 53. Kd3 Nd8 54. a5 Nc6 55. a6 Kd6 56. Kc4 Kc7 57. Kxc5 Nd8 58. b4 Ne6+ 59. Kd5 Nd8 60. b5 Kb6 61. Ba5+ Kxa5 62. a7 Kxb5 63. a8=Q d3 64. cxd3 Nc6 65. Qxc6+ 1-0


[Site "https://www.chess.com"]

[Event "Titled Tuesday Blitz November 07 Early 2023"]
[White "Matinian, Nikita"]
[Black "Nazari, Arad"]
[WhiteFideId "24129100"]
[BlackFideId "12577324"]
[WhiteElo "2654"]
[BlackElo "2789"]
[Result "1-0"]
[Round "5"]
[TimeControl "180+1"]
[Date "2023.11.07"]
[WhiteClock "0:01:19"]
[BlackClock "0:01:00"]
[Board "50"]

1. e4 c5 2. Nf3 d6 3. d4 cxd4 4. Nxd4 Nf6 5. Nc3 a6 6. h3 e5 7. Nb3 Be6 8. f4 b5 9. Be3 Be7 10. f5 Bd7 11. Qf3 Bc6 12. O-O-O Nbd7 13. g4 h6 14. h4 b4 15. Nd5 a5 16. g5 hxg5 17. hxg5 Rxh1 18. Qxh1 Nxd5 19. exd5 Bxg5 20. dxc6 Bxe3+ 21. Kb1 Nf6 22. c7 Qc8 23. Qc6+ Kf8 24. Rxd6 a4 25. Qxa8 1-0


[Site "https://www.chess.com"]

[Event "Titled Tuesday Blitz November 07 Early 2023"]
[White "Mekhitarian, Krikor Sevag"]
[Black "Volkov, Maksim"]
[WhiteFideId "2107660"]
[BlackFideId "54123070"]
[WhiteElo "2785"]
[BlackElo "2646"]
[Result "0-1"]
[Round "5"]
[TimeControl "180+1"]
[Date "2023.11.07"]
[WhiteClock "0:00:00"]
[BlackClock "0:00:14"]
[Board "51"]

1. Nf3 d5 2. c4 e6 3. d4 Nf6 4. cxd5 exd5 5. Nc3 c6 6. Bf4 Bf5 7. e3 Be7 8. h3 Nbd7 9. g4 Bg6 10. Bd3 Bxd3 11. Qxd3 O-O 12. Kf1 Re8 13. Rd1 Nf8 14. Rg1 Bd6 15. Bxd6 Qxd6 16. Ne5 N6d7 17. Nf3 Qe7 18. g5 Qe6 19. Rg3 Qg6 20. h4 Re7 21. Qxg6 hxg6 22. Ne2 Nb6 23. b3 Nc8 24. Nf4 Nd6 25. Nd3 Ne4 26. Rh3 f6 27. Rc1 Ne6 28. Kg2 Rf8 29. Rch1 Kh7 30. gxf6 gxf6 31. h5 g5 32. R3h2 Kh6 33. Nfe1 Ng7 34. Nc2 Nf5 35. Kf1 Rfe8 36. Nce1 Neg3+ 37. fxg3 Nxg3+ 38. Kf2 Nxh1+ 39. Rxh1 Rxe3 40. Kf1 Re2 41. Rh3 Rxa2 42. Rf3 Re6 43. Nc5 Re7 0-1


[Site "https://www.chess.com"]

[Event "Titled Tuesday Blitz November 07 Early 2023"]
[White "Javakhadze, Zurab"]
[Black "Asavasaetakul, Chawit"]
[WhiteFideId "13603647"]
[BlackFideId "6204856"]
[WhiteElo "2783"]
[BlackElo "2645"]
[Result "1-0"]
[Round "5"]
[TimeControl "180+1"]
[Date "2023.11.07"]
[WhiteClock "0:01:51"]
[BlackClock "0:01:29"]
[Board "52"]

1. Nf3 d5 2. g3 Nf6 3. Bg2 c6 4. O-O Bf5 5. d3 e6 6. c4 Nbd7 7. Be3 Bc5 8. Bxc5 Nxc5 9. b4 Ncd7 10. b5 O-O 11. bxc6 bxc6 12. Nd4 Qb6 13. Nxf5 exf5 14. cxd5 cxd5 15. Nc3 Qe6 16. Qa4 Nb6 17. Qd4 Rad8 18. Nb5 Qd7 19. Rab1 Rfe8 20. e3 h5 21. Rfc1 Rc8 22. a4 h4 23. Qxh4 a6 24. Nc3 Rc6 25. Qd4 Rec8 26. Rxb6 Rc5 27. Rbb1 Qc6 28. Ne2 1-0


[Site "https://www.chess.com"]

[Event "Titled Tuesday Blitz November 07 Early 2023"]
[White "Adewumi, Tanitoluwa"]
[Black "Saydaliev, Saidakbar"]
[WhiteFideId "30966396"]
[BlackFideId "14203693"]
[WhiteElo "2632"]
[BlackElo "2782"]
[Result "1-0"]
[Round "5"]
[TimeControl "180+1"]
[Date "2023.11.07"]
[WhiteClock "0:00:03"]
[BlackClock "0:00:07"]
[Board "53"]

1. e4 e5 2. c3 Nf6 3. d4 d5 4. exd5 Qxd5 5. dxe5 Qxd1+ 6. Kxd1 Ng4 7. Ke1 Bc5 8. Nh3 Nxe5 9. Nf4 O-O 10. Be2 Bf5 11. Nd5 Nbc6 12. Be3 Bxe3 13. Nxe3 Bg6 14. Nd2 Rad8 15. Rd1 Nd3+ 16. Bxd3 Bxd3 17. Nb3 b6 18. f3 f5 19. g3 f4 20. gxf4 Rxf4 21. Kf2 Ne5 22. Nd4 c5 23. Ng2 Rff8 24. Rhe1 Rde8 25. Nc6 Nxc6 26. Rxe8 Rxe8 27. Rxd3 Ne5 28. Re3 Kf7 29. Nf4 Kf6 30. Nd5+ Kf5 31. Kg3 Rd8 32. Ne7+ Kf6 33. Rxe5 Rd2 34. Re3 Rxb2 35. Nd5+ Kf5 36. f4 Rxa2 37. Re5+ Kg6 38. h4 h5 39. f5+ Kf7 40. Re7+ Kf8 41. Rb7 Rd2 42. c4 Rd4 43. Nf4 Rxc4 44. Ne6+ Kg8 45. Rxg7+ Kh8 46. f6 Re4 47. f7 1-0


[Site "https://www.chess.com"]

[Event "Titled Tuesday Blitz November 07 Early 2023"]
[White "Rosen, Eric"]
[Black "GatoRojo150"]
[WhiteFideId "2032562"]
[WhiteElo "2749"]
[BlackElo "2601"]
[Result "1/2-1/2"]
[Round "5"]
[TimeControl "180+1"]
[Date "2023.11.07"]
[WhiteClock "0:00:02"]
[BlackClock "0:00:10"]
[Board "54"]

1. e4 e5 2. Nf3 Nc6 3. Nc3 Nf6 4. d4 exd4 5. Nxd4 Bb4 6. Nxc6 bxc6 7. Bd3 d5 8. Bd2 O-O 9. O-O Bxc3 10. Bxc3 dxe4 11. Bxf6 Qxf6 12. Bxe4 Qxb2 13. Bxc6 Rb8 14. Rb1 Qxb1 15. Qxb1 Rxb1 16. Rxb1 Rd8 17. Bf3 Kf8 18. Rb3 Be6 19. Ra3 Rd2 20. Rc3 Bxa2 21. Rxc7 a5 22. h4 Be6 23. Be4 a4 24. Ra7 Rd4 25. f3 g6 26. h5 gxh5 27. Kf2 h6 28. Ke3 Rc4 29. Bd3 Rb4 30. g3 h4 31. gxh4 Rxh4 32. f4 Rh3+ 33. Ke4 h5 34. Rxa4 Rh1 35. Ke5 Re1+ 36. Kf6 Bd7 37. Ra8+ Re8 38. Rxe8+ Bxe8 39. Kg5 Ke7 40. Kxh5 f6+ 41. Kg4 Bc6 42. Kf5 Bd7+ 43. Ke4 Bc6+ 44. Kd4 Kd6 45. c4 Kc7 46. Be4 Bd7 47. Kd5 Bc6+ 48. Kd4 Bd7 49. c5 Be8 50. Bd5 Bd7 51. Ke4 Bc8 52. Kf3 Bd7 53. Kg3 Bf5 54. Kh4 Bg6 55. Kg4 Kd7 56. Kf3 Bf5 57. Be4 Be6 58. Kg3 Bf7 59. Kh4 Be6 60. Kh5 Bf7+ 61. Kh6 Ke7 62. Kg7 Be6 63. c6 Bc8 64. Kh6 Be6 65. Kg6 Bf7+ 66. Kg7 Be6 67. Kh6 Bf7 68. Kh7 Be6 69. Bf3 Bc8 70. Kg7 Be6 71. Kg6 Bf7+ 72. Kf5 Be6+ 73. Ke4 Bc8 74. Kd4 Be6 75. Kc5 Kd8 76. Kb6 Ke7 77. c7 Bd7 78. Be4 Ke6 79. Kb7 f5 80. Bb1 Kd6 81. Bd3 Kd5 82. c8=Q Bxc8+ 83. Kxc8 Kd4 84. Bxf5 Ke3 85. Bd7 Kxf4 1/2-1/2


[Site "https://www.chess.com"]

[Event "Titled Tuesday Blitz November 07 Early 2023"]
[White "Shapiro, Viktor"]
[Black "Korchmar, Vasiliy"]
[WhiteFideId "4175700"]
[BlackFideId "24131750"]
[WhiteElo "2596"]
[BlackElo "2745"]
[Result "0-1"]
[Round "5"]
[TimeControl "180+1"]
[Date "2023.11.07"]
[WhiteClock "0:00:06"]
[BlackClock "0:00:06"]
[Board "55"]

1. Nf3 d5 2. c4 e6 3. d4 Nf6 4. Nc3 dxc4 5. e3 a6 6. a4 b6 7. Bxc4 Bb7 8. O-O Bb4 9. Ne5 O-O 10. Qb3 Bd6 11. f4 c5 12. Rd1 cxd4 13. exd4 Nc6 14. Be3 Na5 15. Qa2 Nxc4 16. Nxc4 Ng4 17. g3 Nxe3 18. Nxe3 Qd7 19. Qb3 Qc6 20. d5 exd5 21. Ncxd5 Bc5 22. Rac1 Rae8 23. Kf1 Qh6 24. h4 Bc6 25. Rc3 Qg6 26. Kf2 Re4 27. a5 Ba4 28. Qxa4 Rxa4 29. Rxc5 bxc5 30. Ne7+ Kh8 31. Nxg6+ hxg6 32. Rc1 Rxa5 33. Nc4 Ra2 34. Ke3 Rb8 35. Ke4 Kh7 36. Kd5 Rb3 37. Rg1 Rb5 38. g4 a5 39. h5 gxh5 40. gxh5 a4 41. Rg3 Rbxb2 42. Nxb2 Rxb2 43. Ra3 Rh2 44. Rxa4 Rxh5+ 45. Ke4 g6 46. Ra7 Rf5 47. Rc7 Kg7 48. Ke3 Rh5 49. Ke4 Kf6 50. Rc6+ Ke7 51. Rc7+ Ke6 52. Rc6+ Kd7 53. Rf6 Rh7 54. Kd5 Rh5+ 55. Ke4 Ke7 56. Rc6 f6 57. Rc7+ Kd6 58. Rg7 g5 59. f5 Rh4+ 60. Ke3 Rf4 61. Ra7 Rxf5 62. Ra6+ Kd5 63. Kd3 Rf4 64. Ke3 c4 65. Ra5+ Ke6 66. Ra6+ Kf5 67. Ra5+ Kg6 68. Rc5 Rh4 69. Rc6 c3 0-1


[Site "https://www.chess.com"]

[Event "Titled Tuesday Blitz November 07 Early 2023"]
[White "Sydoryka, Vladyslav"]
[Black "Llorente Zaro, Alfonso"]
[WhiteFideId "14145928"]
[BlackFideId "2254131"]
[WhiteElo "2596"]
[BlackElo "2743"]
[Result "0-1"]
[Round "5"]
[TimeControl "180+1"]
[Date "2023.11.07"]
[WhiteClock "0:00:00"]
[BlackClock "0:00:52"]
[Board "56"]

1. c4 Nf6 2. g3 c5 3. Bg2 Nc6 4. Nc3 g6 5. Nf3 Bg7 6. d4 cxd4 7. Nxd4 O-O 8. O-O Qa5 9. Nb3 Qd8 10. c5 b6 11. Bg5 Bb7 12. Qd2 Rb8 13. Rfd1 Ne5 14. Bxf6 Bxf6 15. Bxb7 Rxb7 16. Nd5 Bg7 17. cxb6 e6 18. Na5 Rb8 19. bxa7 Rxb2 20. Qxb2 Nf3+ 21. exf3 Bxb2 22. Rab1 Qxa5 23. Rxb2 Qxa7 24. Nf6+ Kg7 25. Nxd7 Rd8 26. Rbd2 Qa5 27. Kg2 g5 28. h4 gxh4 29. gxh4 Kh6 30. Kh3 Qf5+ 31. Kh2 Qxf3 32. Nc5 Qf4+ 0-1


[Site "https://www.chess.com"]

[Event "Titled Tuesday Blitz November 07 Early 2023"]
[White "Preotu, Razvan"]
[Black "Soham Kamotra"]
[WhiteFideId "2613280"]
[BlackFideId "46647490"]
[WhiteElo "2735"]
[BlackElo "2579"]
[Result "1-0"]
[Round "5"]
[TimeControl "180+1"]
[Date "2023.11.07"]
[WhiteClock "0:02:10"]
[BlackClock "0:01:08"]
[Board "57"]

1. e4 c6 2. Nc3 d5 3. Nf3 dxe4 4. Nxe4 Nf6 5. Qe2 Nxe4 6. Qxe4 Qd5 7. Qh4 Bf5 8. Bc4 Qd6 9. d3 e6 10. Bf4 Qb4+ 11. Bd2 Qe7 12. Qg3 Qd6 13. Bf4 Qb4+ 14. c3 Qxb2 15. O-O Nd7 16. Rab1 Qxc3 17. Rxb7 Bc5 18. Ne5 Nxe5 19. Bxe5 Bd4 20. Qxg7 Bxe5 21. Qxf7+ 1-0


[Site "https://www.chess.com"]

[Event "Titled Tuesday Blitz November 07 Early 2023"]
[White "Gavrilov, Maxim"]
[Black "Smirnov, Pavel"]
[WhiteFideId "24271454"]
[BlackFideId "4123425"]
[WhiteElo "2560"]
[BlackElo "2726"]
[Result "0-1"]
[Round "5"]
[TimeControl "180+1"]
[Date "2023.11.07"]
[WhiteClock "0:00:04"]
[BlackClock "0:00:52"]
[Board "58"]

1. d4 Nf6 2. c4 e6 3. Nc3 Bb4 4. Nf3 O-O 5. Bg5 c5 6. Rc1 cxd4 7. Nxd4 h6 8. Bh4 d5 9. cxd5 g5 10. Bg3 Qxd5 11. e3 Qxa2 12. Bd3 Qxb2 13. O-O Bxc3 14. Rc2 Qb4 15. Nb5 e5 16. Rxc3 Nc6 17. f4 Bg4 18. Qc1 Rad8 19. fxg5 Rxd3 20. Rxd3 Qxb5 21. Rd6 Ne4 22. Rxh6 Kg7 23. Qc2 Qd5 24. h3 Nxg5 25. Rh4 Be6 26. Qe2 Rh8 27. Rxh8 Kxh8 28. Qh5+ Nh7 29. Bh4 Qe4 30. Rd1 Qg6 31. Qf3 Kg7 32. e4 Nd4 33. Qc3 Ne2+ 0-1


[Site "https://www.chess.com"]

[Event "Titled Tuesday Blitz November 07 Early 2023"]
[White "Kalogeris, Ioannis"]
[Black "MKlose11"]
[WhiteFideId "4239563"]
[WhiteElo "2554"]
[BlackElo "2720"]
[Result "1-0"]
[Round "5"]
[TimeControl "180+1"]
[Date "2023.11.07"]
[WhiteClock "0:00:03"]
[BlackClock "0:00:41"]
[Board "59"]

1. e4 e6 2. d4 d5 3. Nc3 Bb4 4. e5 Ne7 5. Qg4 Nf5 6. Bd3 Bf8 7. Nf3 c5 8. dxc5 Nc6 9. Nb5 h5 10. Qf4 Bxc5 11. Bd2 Nce7 12. b4 Bb6 13. Nd6+ Nxd6 14. exd6 Nf5 15. Bxf5 exf5 16. O-O Be6 17. Bc3 Rg8 18. Rae1 Qd7 19. Qxf5 O-O-O 20. Qxh5 Bg4 21. Qxd5 Qxd6 22. Qxd6 Rxd6 23. Ne5 Be6 24. Nd3 Bxa2 25. Re7 Bc4 26. Ra1 g6 27. Be5 Re6 28. Rxe6 Bxe6 29. Nc5 Bc4 30. Na4 Bc7 31. Bxc7 Kxc7 32. Nc5 a6 33. f3 Rd8 34. Ne4 f5 35. Nc5 Rd2 36. Rc1 b6 37. Nb3 Kc6 38. Nxd2 Bd5 39. g4 1-0


[Site "https://www.chess.com"]

[Event "Titled Tuesday Blitz November 07 Early 2023"]
[White "Slade, Theodore"]
[Black "De Silva, L M S T"]
[WhiteFideId "426547"]
[BlackFideId "9953698"]
[WhiteElo "2543"]
[BlackElo "2718"]
[Result "0-1"]
[Round "5"]
[TimeControl "180+1"]
[Date "2023.11.07"]
[WhiteClock "0:00:03"]
[BlackClock "0:00:40"]
[Board "60"]

1. d4 Nf6 2. c4 e6 3. g3 d5 4. Bg2 Bb4+ 5. Nd2 O-O 6. Nf3 b6 7. O-O Bb7 8. a3 Be7 9. cxd5 exd5 10. b4 a5 11. b5 c5 12. Nb1 Nbd7 13. Nc3 Re8 14. Bb2 Bf8 15. Bh3 c4 16. Qc2 Ne4 17. e3 Ndf6 18. Nxe4 Nxe4 19. a4 Bc8 20. Bxc8 Qxc8 21. Ba3 Bxa3 22. Rxa3 Qh3 23. Re1 Re6 24. Qe2 Rf6 25. Rf1 Rh6 26. Re1 Ng5 27. Qd1 Ne4 28. Ra1 Re8 29. Qc2 Ree6 30. Rf1 Ref6 31. Qe2 Rxf3 32. Qxf3 Qxh2# 0-1


[Site "https://www.chess.com"]

[Event "Titled Tuesday Blitz November 07 Early 2023"]
[White "GaiozNigalidze"]
[Black "Ziatdinov, Raset"]
[BlackFideId "2015323"]
[WhiteElo "2710"]
[BlackElo "2518"]
[Result "1-0"]
[Round "5"]
[TimeControl "180+1"]
[Date "2023.11.07"]
[WhiteClock "0:00:08"]
[BlackClock "0:00:00"]
[Board "61"]

1. d4 d5 2. c4 e6 3. cxd5 exd5 4. Nc3 Nf6 5. Bg5 Be7 6. Qc2 O-O 7. e3 c6 8. Bd3 Nbd7 9. Nge2 Re8 10. O-O Nf8 11. Rae1 Be6 12. f3 Qa5 13. Bh4 b5 14. Kh1 b4 15. Na4 Rac8 16. b3 c5 17. Nxc5 Bxc5 18. dxc5 Rxc5 19. Qd2 N6d7 20. Rc1 Rec8 21. Rxc5 Nxc5 22. Bb1 Qa6 23. Re1 Nfd7 24. Qxb4 Nd3 25. Bxd3 Qxd3 26. Nd4 h6 27. h3 Ne5 28. Bg3 Nc6 29. Nxc6 Rxc6 30. Qb8+ Kh7 31. Qxa7 Bxh3 32. Qd4 Qg6 33. Qf4 Bxg2+ 34. Kxg2 Rc2+ 35. Kg1 Rxa2 36. Rf1 Rb2 37. b4 Qc2 38. Rf2 Qb1+ 39. Kg2 Rxb4 40. Qxf7 d4 41. exd4 Rb7 42. Qd5 Re7 43. Be5 Qg6+ 44. Bg3 Qb1 45. Qd6 Re1 46. Kh3 Rh1+ 47. Bh2 Qf5+ 48. Kg2 Rb1 49. Qf4 Qg6+ 50. Bg3 Rd1 51. Qe4 1-0


[Site "https://www.chess.com"]

[Event "Titled Tuesday Blitz November 07 Early 2023"]
[White "Deac, Bogdan-Daniel"]
[Black "ExchangeAB"]
[WhiteFideId "1226380"]
[WhiteElo "2985"]
[BlackElo "2443"]
[Result "1-0"]
[Round "5"]
[TimeControl "180+1"]
[Date "2023.11.07"]
[WhiteClock "0:02:13"]
[BlackClock "0:01:59"]
[Board "62"]

1. b3 d5 2. Bb2 Nf6 3. e3 Bf5 4. c4 c6 5. cxd5 cxd5 6. Bb5+ Nc6 7. Nf3 Rc8 8. Bxc6+ Rxc6 9. Nd4 Qc8 10. Nxc6 Qxc6 11. O-O e6 12. Nc3 Bd6 13. Ne2 Bd3 14. Rc1 Qd7 15. Bxf6 gxf6 16. Rc3 Ba6 17. d3 f5 18. Qc2 Ke7 19. Rc1 Rg8 20. b4 Bb5 21. Nd4 Ba4 22. Qb2 a6 23. f4 h5 24. Qf2 Kd8 25. Qh4+ Be7 26. Rc8+ 1-0


[Site "https://www.chess.com"]

[Event "Titled Tuesday Blitz November 07 Early 2023"]
[White "Elsa167"]
[Black "Gubajdullin, Alexei"]
[BlackFideId "4141202"]
[WhiteElo "2982"]
[BlackElo "2633"]
[Result "1/2-1/2"]
[Round "5"]
[TimeControl "180+1"]
[Date "2023.11.07"]
[WhiteClock "0:00:04"]
[BlackClock "0:00:17"]
[Board "63"]

1. d4 Nf6 2. c4 g6 3. Nc3 Bg7 4. e4 d6 5. h3 O-O 6. Be3 Na6 7. g4 e5 8. d5 Nc5 9. f3 a5 10. Qd2 c6 11. Nge2 cxd5 12. cxd5 a4 13. Ng3 Qa5 14. h4 Bd7 15. h5 Rfc8 16. hxg6 fxg6 17. g5 Nh5 18. Nxh5 gxh5 19. Rb1 Be8 20. Bh3 Rc7 21. Bf5 Qa6 22. Qe2 Nd3+ 23. Kd2 Nf4 24. Qxa6 bxa6 25. Rhc1 Rb8 26. Nd1 Rcb7 27. Rc2 Bg6 28. Bc8 Re7 29. Rbc1 h4 30. Nf2 h3 31. Nxh3 Nxh3 32. Bxh3 Reb7 33. Be6+ Kf8 34. Rc8+ Rxc8 35. Rxc8+ Ke7 36. Kc2 a3 37. bxa3 Be8 38. Ra8 Ba4+ 39. Kc1 Rc7+ 40. Kd2 Bb5 41. Ra7 Rxa7 42. Bxa7 h6 43. gxh6 Bxh6+ 44. Be3 Bxe3+ 45. Kxe3 a5 46. Kd2 Kf6 47. Kc3 Kg5 48. Bg4 Kf4 49. Kd2 Be8 50. Ke2 Bb5+ 51. Kf2 Bc4 52. Bh3 Bxa2 53. Bf1 Bb3 54. Be2 Ba4 55. Bf1 Bd7 56. Ba6 Ba4 57. Be2 Bd7 58. Bf1 Ba4 59. Bh3 Bb5 60. Bg4 Ba4 61. Ke2 Bb5+ 62. Kd2 Ba6 63. Bh5 Bb5 64. Bg4 Ba6 65. Bh5 Bb5 66. Bg4 1/2-1/2


[Site "https://www.chess.com"]

[Event "Titled Tuesday Blitz November 07 Early 2023"]
[White "Arabidze, Meri"]
[Black "Rasulov, Vugar"]
[WhiteFideId "13604040"]
[BlackFideId "13402390"]
[WhiteElo "2630"]
[BlackElo "2966"]
[Result "0-1"]
[Round "5"]
[TimeControl "180+1"]
[Date "2023.11.07"]
[WhiteClock "0:00:01"]
[BlackClock "0:00:21"]
[Board "64"]

1. Nf3 Nf6 2. b3 g6 3. Bb2 Bg7 4. g3 b6 5. Bg2 Bb7 6. O-O O-O 7. c4 c5 8. Re1 d6 9. d4 cxd4 10. Nxd4 Bxg2 11. Kxg2 d5 12. Na3 e5 13. Nf3 e4 14. Nd4 e3 15. f3 Re8 16. Rc1 h5 17. Qd3 a6 18. Red1 Ra7 19. c5 bxc5 20. Rxc5 Rc7 21. Rxc7 Qxc7 22. Nac2 h4 23. Nxe3 hxg3 24. hxg3 Nbd7 25. Rc1 Qa5 26. a3 Bh6 27. Nc6 Qb5 28. Qxb5 axb5 29. Bd4 Bxe3 30. Bxe3 Rxe3 31. Nd4 b4 32. axb4 Re8 33. Kf2 Rb8 34. b5 Ne8 35. Rc6 Rb7 36. g4 Nc7 37. Rd6 Nc5 38. b6 N7e6 39. Rxd5 Nxd4 40. Rxd4 Rxb6 41. b4 Na6 42. Rd8+ Kg7 43. g5 Nxb4 44. f4 Rb5 45. Re8 Nc6 46. e3 Rb8 47. Rxb8 Nxb8 48. e4 Nc6 49. Ke3 Kf8 50. Kd3 Ke7 51. Kc4 Kd6 52. f5 Ke5 53. Kc5 Nd4 54. f6 Ne6+ 55. Kc6 Nxg5 56. Kd7 Kxf6 57. Kd6 Nxe4+ 0-1


[Site "https://www.chess.com"]

[Event "Titled Tuesday Blitz November 07 Early 2023"]
[White "Yeletsky, Ivan"]
[Black "Ambartsumova, Karina"]
[WhiteFideId "24180327"]
[BlackFideId "4166299"]
[WhiteElo "2941"]
[BlackElo "2613"]
[Result "1-0"]
[Round "5"]
[TimeControl "180+1"]
[Date "2023.11.07"]
[WhiteClock "0:00:06"]
[BlackClock "0:00:00"]
[Board "65"]

1. c4 e5 2. g3 d6 3. Bg2 f6 4. Bf1 f5 5. Bg2 Nf6 6. Nc3 Be7 7. d4 O-O 8. h4 Nc6 9. Nf3 Bd7 10. d5 Nb8 11. e4 a5 12. Ng5 Na6 13. exf5 Bxf5 14. Bh3 Bxh3 15. Rxh3 Nc5 16. Be3 Qd7 17. Bxc5 dxc5 18. Qc2 a4 19. a3 Qg4 20. Qe2 Qf5 21. Rh1 Bd6 22. Nge4 Qd7 23. O-O-O Rae8 24. Rhg1 h5 25. Nxf6+ Rxf6 26. Ne4 Rf5 27. g4 hxg4 28. Rxg4 Ref8 29. Rdg1 R5f7 30. h5 1-0


[Site "https://www.chess.com"]